 Dungeon Crawl Stone Soup version 0.22-a0-567-gff9aefc (webtiles) character file.

2783 theanonym the Basher (level 9, -2/74 HPs)
             Began as a Mummy Chaos Knight on June 29, 2018.
             Was an Initiate of Gozag.
             Slain by Menkaure (14 damage)
             ... on level 6 of the Dungeon.
             The game lasted 00:30:06 (10545 turns).

theanonym the Basher (Mummy Chaos Knight)          Turns: 10545, Time: 00:30:06

Health: -2/74      AC: 12    Str: 19    XL:     9   Next: 43%
Magic:  9/9        EV:  5    Int: 11    God:    Gozag
Gold:   345        SH:  3    Dex: 11    Spells: 7/8 levels left

rFire    x . .     SeeInvis .   f - +0 flail
rCold    + + .     Gourm    .   k - +0 buckler
rNeg     + + +     Faith    .   l - +0 plate armour
rPois    ∞         Spirit   .   m - +0 helmet
rElec    .         Reflect  .   (no cloak)
rCorr    .         Harm     .   j - +0 pair of gloves
MR       +....                  (no boots)
Stlth    ..........             e - amulet of regeneration
HPRegen  0.62/turn              o - ring of protection from cold
MPRegen  0.11/turn              p - +1 ring of evasion

@: gold aura
A: no food or potions, fire vulnerability, cold resistance 1, negative energy
resistance 3, torment resistance, unbreathing
a: Potion Petition, Call Merchant, Bribe Branch, Renounce Religion


Innate Abilities, Weirdness & Mutations

You do not eat or drink.
Your flesh is vulnerable to fire.
You are immune to poison.
Your flesh is cold resistant. (rC+)
You are immune to negative energy. (rN+++)
You are immune to unholy pain and torment.
You can survive without breathing.


   Skills:
 + Level 8.1 Fighting
 * Level 9.3 Maces & Flails
 - Level 1.5 Armour
 - Level 0.7 Dodging


You had 7 spell levels left.
You knew the following spells:

 Your Spells              Type           Power        Failure   Level  Hunger
q - Apportation           Tloc           #.....       100%        1    N/A

Your spell library contained the following spells:

 Spells                   Type           Power        Failure   Level  Hunger
 Summon Small Mammal      Summ           #...         100%        1    N/A
 Animate Skeleton         Necr           N/A          100%        1    N/A
 Spider Form              Tmut/Pois      #.........   100%        3    N/A
 Blade Hands              Tmut           #.........   100%        5    N/A
 Ice Form                 Ice/Tmut       #.......     100%        4    N/A
 Confusing Touch          Hex            #.....       100%        1    N/A
 Sticks to Snakes         Tmut           #.......     100%        2    N/A
 Beastly Appendage        Tmut           #.....       100%        1    N/A

Skill      XL: |  1  2  3  4  5  6  7  8  9 |
---------------+----------------------------+-----
Maces & Flails | 3 4 5 6 8 9 |  9.3
Fighting       | 4 5 6 7 8 |  8.1
Armour         | |  1.5
Dodging        | |  0.7

Action                   |  1- 3 |  4- 6 |  7- 9 || total
-------------------------+-------+-------+-------++-------
Melee: Mace              |    97 |    35 |       ||   132
       Flail             |       |   281 |   536 ||   817
Invok: Renounce Religion |     1 |       |       ||     1
       Potion Petition   |       |     1 |     2 ||     3
Evoke: Wand              |       |    10 |    12 ||    22
  Use: Scroll            |     5 |     3 |     7 ||    15
 Stab: Distracted        |       |     1 |     1 ||     2
       Invisible         |       |     2 |     2 ||     4
Armor: Leather armour    |    59 |    18 |       ||    77
       Ring mail         |       |     9 |       ||     9
       Plate armour      |       |   216 |   308 ||   524
Dodge: Dodged            |   106 |   123 |   120 ||   349
Block: Buckler           |       |    48 |    66 ||   114

Inventory:

Hand Weapons
 f - a +0 flail (weapon)
   (You took it off a gnoll on level 1 of the Dungeon)
Missiles
 g - 71 bolts
Armour
 j - a +0 pair of gloves (worn)
   (You found it on level 2 of the Dungeon)
 k - a +0 buckler (worn)
   (You found it on level 2 of the Dungeon)
 l - a +0 plate armour (worn)
   (You found it on level 2 of the Dungeon)
 m - a +0 helmet (worn)
   (You found it on level 6 of the Dungeon)
Jewellery
 e - an amulet of regeneration (around neck)
   (You found it on level 5 of the Dungeon)
 h - an uncursed ring of fire
   (You found it on level 3 of the Dungeon)
 i - an uncursed ring of protection from cold
   (You found it on level 2 of the Dungeon)
 o - a ring of protection from cold (left hand)
   (You found it on level 5 of the Dungeon)
 p - a +1 ring of evasion (right hand)
   (You took it off an orc on level 5 of the Dungeon)
Wands
 a - a wand of polymorph (13)
   (You found it on level 3 of the Dungeon)
 q - a wand of iceblast (6)
   (You found it on level 5 of the Dungeon)
Scrolls
 b - 2 scrolls of enchant weapon
 c - a scroll of immolation
 d - a scroll of amnesia
 n - 9 scrolls of remove curse
 s - 3 scrolls of enchant armour


You were on level 6 of the Dungeon.
You worshipped Gozag.
Gozag was aware of your devotion.
You were not hungry.

You visited 1 branch of the dungeon, and saw 7 of its levels.

You collected 994 gold pieces.
You paid 649 gold pieces to Gozag.

Dungeon Overview and Level Annotations

Branches:
Dungeon (7/15)             Temple (0/1) D:5

Altars:
Dithmenos
Elyvilon
Gozag
Xom
The Shining One

Shops:
D:5 *

Annotations:
D:6 Menkaure

############# ####
#......)M@$.# #.)>
#.#########$###########.##
#.# #....o$..o..#.## #.#
###########..... #.#
#.≈≈8≈≈.##.## #.#
#..≈o≈..##.##
########.########
##....og.....
........M.......##
#....<#####.
####.............###
##.##[# #.


You could see Menkaure.

Notes
Turn   | Place    | Note
-------+----------+-------------------------------------------
     0 | D:1      | theanonym the Mummy Chaos Knight began the quest for the Orb.
     0 | D:1      | Reached XP level 1. HP: 18/18 MP: 1/1
     0 | D:1      | Fell from the grace of Xom
   106 | D:1      | Reached XP level 2. HP: 23/24 MP: 2/2
   227 | D:1      | XOM: 4-stop teleportation journey
   375 | D:1      | Reached skill level 3 in Maces & Flails
   384 | D:1      | XOM: mild Pois miscast
   602 | D:1      | XOM: summons 4 hostile demons
   608 | D:1      | HP: 12/24 [quasit[Xom] (1)]
  1005 | D:1      | HP: 11/24 [gnoll/flail (4)]
  1008 | D:1      | Reached XP level 3. HP: 10/29 MP: 3/3
  1310 | D:2      | HP: 13/29 [goblin/club (2)]
  1317 | D:2      | HP: 8/29 [gnoll/spear (7)]
  1348 | D:1      | HP: 8/29 [hobgoblin/club (3)]
  1839 | D:2      | Reached XP level 4. HP: 19/37 MP: 4/4
  2032 | D:2      | XOM: mild Erth miscast
  2051 | D:2      | Found a glowing golden altar of the Shining One.
  2422 | D:2      | XOM: stat loss: -2 Int (9/11)
  2437 | D:2      | Reached skill level 4 in Maces & Flails
  2438 | D:2      | Reached skill level 4 in Fighting
  2448 | D:2      | XOM: stat loss: -1 Str (15/16)
  2638 | D:2      | Reached XP level 5. HP: 42/42 MP: 5/5
  3148 | D:3      | Found an opulent altar of Gozag.
  3156 | D:3      | Became a worshipper of Gozag Ym Sagoz the Greedy
  3250 | D:3      | XOM: summons 1 hostile demon
  3299 | D:3      | XOM: cloud trail
  3725 | D:3      | XOM: polymorph rat -> river rat
  3766 | D:3      | Noticed Ijyb
  3785 | D:3      | Killed Ijyb
  3902 | D:3      | HP: 20/43 [leopard gecko (4)]
  4300 | D:3      | XOM: mild Fire miscast
  4543 | D:4      | Reached XP level 6. HP: 45/49 MP: 6/6
  4607 | D:4      | Reached skill level 5 in Maces & Flails
  4613 | D:4      | Noticed Dowan
  4614 | D:4      | Noticed Duvessa
  4747 | D:4      | Noticed Duvessa
  4747 | D:4      | Duvessa changed into Duvessa the crocodile
  4747 | D:4      | XOM: polymorph Duvessa -> Duvessa the crocodile
  4790 | D:3      | XOM: medium Air miscast
  4906 | D:4      | XOM: enchant monster (bad)
  4923 | D:4      | HP: 21/49 [Duvessa the crocodile (4)]
  5139 | D:4      | Noticed Duvessa
  5139 | D:4      | Duvessa the crocodile changed into Duvessa the fire bat
  5139 | D:4      | XOM: polymorph Duvessa the crocodile -> Duvessa the fire bat
  5145 | D:4      | Killed Dowan
  5356 | D:3      | XOM: summons 1 hostile demon
  5378 | D:3      | XOM: medium Necr miscast
  5379 | D:3      | Noticed a shadow
  5379 | D:3      | Noticed a shadow
  5546 | D:4      | Reached skill level 5 in Fighting
  5669 | D:4      | Found a shadowy altar of Dithmenos.
  5738 | D:4      | Found a white marble altar of Elyvilon.
  5748 | D:4      | HP: 11/51 [ogre/giant club (18)]
  5809 | D:4      | Noticed a sky beast
  5809 | D:4      | an ogre changed into a sky beast
  5900 | D:3      | HP: 25/51 [adder (4)]
  5925 | D:3      | HP: 18/51 [Duvessa the fire bat (8)]
  5926 | D:3      | Noticed Duvessa
  5926 | D:3      | Duvessa the fire bat changed into Duvessa the soldier ant
  5943 | D:3      | Killed Duvessa the soldier ant
  5943 | D:3      | Reached XP level 7. HP: 38/56 MP: 7/7
  5959 | D:4      | HP: 27/56 [something (6)]
  5963 | D:4      | HP: 10/56 [something (5)]
  5965 | D:4      | XOM: summons 4 hostile demons
  5967 | D:4      | Reached skill level 6 in Maces & Flails
  6175 | D:3      | XOM: summons 2 hostile shadow creatures
  6540 | D:4      | XOM: summons 1 hostile demon
  6541 | D:4      | Noticed a chaos spawn
  6548 | D:4      | HP: 26/56 [chaos spawn[Xom] (5)]
  6639 | D:3      | XOM: cloud trail
  6770 | D:5      | Entered Level 5 of the Dungeon
  6871 | D:5      | Noticed Grinder
  6899 | D:4      | XOM: chaos cloud
  6931 | D:4      | XOM: scenery: create altars
  7040 | D:5      | Killed Grinder
  7040 | D:5      | Reached skill level 6 in Fighting
  7040 | D:5      | Reached XP level 8. HP: 47/64 MP: 8/8
  7198 | D:5      | Found Kiufin's General Store.
  7247 | D:5      | Reached skill level 7 in Maces & Flails
  7369 | D:5      | Found a shimmering altar of Xom.
  7466 | D:5      | Found a staircase to the Ecumenical Temple.
  7829 | D:6      | HP: 30/65 [wight/enchanted hand axe (6)]
  7910 | D:5      | XOM: stat loss: -2 Int (9/11)
  7910 | D:5      | Was forgiven by Xom
  8325 | D:6      | You fall through a shaft!
  8612 | D:7      | Reached skill level 7 in Fighting
  8615 | D:7      | Reached skill level 8 in Maces & Flails
  8998 | D:7      | Learned a level 1 spell: Apportation
  9148 | D:6      | HP: 32/67 [something (6)]
  9153 | D:6      | HP: 25/67 [something (4)]
  9164 | D:6      | HP: 25/67 [something (1)]
  9169 | D:6      | HP: 23/67 [crimson imp (3)]
  9321 | D:6      | HP: 30/67 [orc warrior/flail (5)]
  9328 | D:6      | HP: 25/67 [orc warrior/flail (7)]
  9441 | D:6      | Reached XP level 9. HP: 50/72 MP: 9/9
  9784 | D:6      | Noticed Prince Ribbit
  9789 | D:6      | Noticed Prince Ribbit
  9789 | D:6      | Prince Ribbit changed into Prince Ribbit the spriggan
  9797 | D:6      | Killed Prince Ribbit the spriggan
  9797 | D:6      | Reached skill level 9 in Maces & Flails
 10001 | D:6      | HP: 36/74 [gnoll/halberd of flaming (9)]
 10005 | D:6      | HP: 16/74 [orc warrior/flail (10)]
 10023 | D:6      | HP: 13/74 [orc warrior/flail (5)]
 10349 | D:6      | Found a shimmering altar of Xom.
 10453 | D:6      | Reached skill level 8 in Fighting
 10499 | D:6      | HP: 36/74 [orc warrior/flail (6)]
 10504 | D:6      | HP: 21/74 [orc warrior/flail (11)]
 10508 | D:6      | HP: 4/74 [orc warrior/flail (11)]
 10520 | D:6      | HP: 23/74 [orc wizard/magic dart (7)]
 10529 | D:6      | Noticed Menkaure
 10532 | D:6      | HP: 25/74 [orc wizard/magic dart (5)]
 10541 | D:6      | HP: 18/74 [Menkaure (13)]
 10545 | D:6      | Slain by Menkaure

Vanquished Creatures
  Grinder (D:5)
  A spriggan (D:6)
  A soldier ant (D:3)
  A water moccasin (D:6)
  An orc warrior (D:6)
  An ice beast (D:6)
  2 ogres
  2 centaurs
  A scorpion (D:7)
  5 wights
  4 howler monkeys
  2 crimson imps
  2 bullfrog zombies (D:6)
  2 jellies
  A centaur zombie (D:5)
  5 hounds
  An orc priest (D:6)
  A gnoll shaman (D:7)
  6 orc wizards
  A centaur skeleton (D:4)
  Ijyb (D:3)
  3 iguanas (D:6)
  4 worker ants
  A killer bee zombie (D:5)
  A hound skeleton (D:4)
  A worker ant zombie (D:6)
  14 gnolls
  8 adders
  A river rat (D:3)
  2 oozes
  A worm (D:3)
  A dart slug (D:1)
  9 leopard geckos
  18 orcs
  8 giant cockroaches
  6 goblins (D:2)
  9 hobgoblins
  7 jackals
  8 bats
  5 frilled lizards
  7 kobolds
  A leopard gecko zombie (D:7)
  2 quokka skeletons (D:4)
  6 rats
165 creatures vanquished.

Vanquished Creatures (collateral kills)
  Dowan (D:4)
1 creature vanquished.

Vanquished Creatures (others)
  A sky beast (D:4)
1 creature vanquished.

Grand Total: 167 creatures vanquished

Table legend:
 A = Turns spent in this place as a percentage of turns spent in the entire game.
 B = Non-inter-level travel turns spent in this place as a percentage of non-inter-level travel turns spent in the entire game.
 C = Inter-level travel turns spent in this place as a percentage of turns spent in this place.
 D = Turns resting spent in this place as a percentage of non-inter-level travel turns spent in this place.
 E = Turns spent auto-exploring this place as a percentage of non-inter-level travel turns spent in this place.
 F = Non-inter-level travel turns spent in this place divided by the number of levels of this place that you've seen.
                   A       B       C       D       E      F
               +-------+-------+-------+-------+-------+----------------------
         Total | 100.0 | 100.0 |   7.7 |  39.8 |  33.6 | 1390.3
       Dungeon | 100.0 | 100.0 |   7.7 |  39.8 |  33.6 | 1390.3
               +-------+-------+-------+-------+-------+----------------------
